 Dungeon Crawl Stone Soup version 0.30.1-9-gdf580d7c3d (webtiles) character file.

Game seed: 7078323093457303282

564 tizbic2 the Shooter (level 7, 0/53 HPs)
             Began as a Formicid Hunter on Sept 25, 2023.
             Was a Follower of Zin.
             Slain by Pikel
             ... wielding a +0 whip of freezing
              (1 damage)
             ... on level 4 of the Dungeon.
             The game lasted 00:16:33 (3340 turns).

tizbic2 the Shooter (Formicid Hunter)               Turns: 3340, Time: 00:16:34

Health: 0/53       AC: 15    Str: 17    XL:     7   Next: 58%
Magic:  9/9        EV:  8    Int: 15    God:    Zin [*.....]
Gold:   146        SH:  5    Dex: 17    Spells: 6/6 levels left

rFire   . . .        A - +0 halberd
rCold   . . .        n - +0 buckler
rNeg    . . .        f - +0 chain mail
rPois   .            (helmet unavailable)
rElec   .            x - +0 cloak
rCorr   .            i - +0 pair of gloves
SInv    +            (no boots)
Will    .....        u - amulet of the acrobat Stlth
                     e - +6 ring of intelligence
HPRegen 0.28/turn    s - +4 ring of protection
MPRegen 0.11/turn

%: acrobat
@: mighty
A: permanent stasis, dig shafts and tunnels, antennae 3, four strong arms
a: Dig, Shaft Self, Renounce Religion, Recite, Donate Gold


You were on level 4 of the Dungeon.
You worshipped Zin.
Zin was aware of your devotion.
You visited 2 branches of the dungeon, and saw 5 of its levels.

You collected 162 gold pieces.
You donated 16 gold pieces to Zin.

Inventory:

Hand Weapons
 a - a +0 shortbow
 A - a +0 halberd (weapon)
Armour
 f - a +0 chain mail (worn)
 i - a +0 pair of gloves (worn)
 n - a +0 buckler (worn)
 x - a +0 cloak (worn)
Jewellery
 d - an amulet of faith
 e - a +6 ring of intelligence (left hand)
 s - a +4 ring of protection (right hand)
 u - an amulet of the acrobat (around neck)
Scrolls
 b - a scroll of immolation
 h - a scroll of torment {unknown}
 o - a scroll of noise {unknown}
 w - a scroll of vulnerability {unknown}
Potions
 g - 2 potions of attraction
 j - 6 potions of curing {unknown}
 k - a potion of haste {unknown}
 l - 3 potions of flight {unknown}
 m - 2 potions of brilliance {unknown}
 p - a potion of cancellation {unknown}
 r - 2 potions of berserk rage
 v - a potion of degeneration {unknown}
 z - a potion of lignification {unknown}


   Skills:
 + Level 3.9 Fighting
 * Level 6.0 Ranged Weapons
 + Level 3.1 Armour
 - Level 1.7 Dodging
 - Level 1.2 Stealth
 + Level 3.7 Shields
 + Level 3.1 Invocations


You had 6 spell levels left.
You didn't know any spells.
Your spell library contained the following spells:

 Spells                   Type           Power      Damage    Failure   Level
 Lesser Beckoning         Tloc           0%         N/A       99%         2
 Momentum Strike          Conj/Tloc      0%         3d8       99%         2
 Blink                    Tloc           Unusable   N/A       N/A         2

Dungeon Overview and Level Annotations

Branches:
Dungeon (4/15)             Temple (1/1) D:4

Altars:
Ashenzari
Cheibriados
Dithmenos
Elyvilon
Gozag
Kikubaaqudgha
Makhleb
Nemelex Xobeh
Okawaru
Qazlal
Ru
Uskayaw
Wu Jian
Xom
Yredelemnul
Zin
The Shining One

Annotations:
D:4 Pikel


Innate Abilities, Weirdness & Mutations

You cannot be hasted, slowed, berserked, paralysed or teleported.
You can dig through walls and to a lower floor.
You have a pair of large antennae on your head. (SInv)
Your four strong arms can wield two-handed weapons with a shield.


Message History

You shoot an arrow. The arrow barely misses Pikel.
Pikel hits you but does no damage. x2
You shoot an arrow. The arrow closely misses Pikel.
Pikel says, "You'll feel the lick of my whip!"
Pikel hits you but does no damage. You block Pikel's attack.
You shoot an arrow.
The arrow hits Pikel but does no damage.
Pikel is lightly wounded.
Pikel hits you but does no damage.
You shoot an arrow. The arrow hits Pikel.
Pikel is moderately wounded.
Pikel hits you with a +0 whip of freezing!
Pikel freezes you. You block Pikel's attack.
You shoot an arrow. The arrow hits Pikel.
Pikel is moderately wounded.
You block Pikel's attack.
Pikel hits you with a +0 whip of freezing.
* * * LOW HITPOINT WARNING * * *
Pikel freezes you.
* * * LOW HITPOINT WARNING * * *
A - a +0 halberd (weapon)
You closely miss Pikel.
Pikel is moderately wounded.
Pikel hits you but does no damage.
Pikel hits you with a +0 whip of freezing!
* * * LOW HITPOINT WARNING * * *
Pikel freezes you.
* * * LOW HITPOINT WARNING * * *
It was a potion of might.
You feel very mighty all of a sudden. Pikel hits you but does no damage.
You closely miss Pikel.
Pikel is moderately wounded.
You block Pikel's attack.
You impale Pikel!!
Pikel is severely wounded.
Pikel hits you with a +0 whip of freezing.
* * * LOW HITPOINT WARNING * * *
Pikel freezes you.
You die...

....####...#........###
####. ...##
###............## ##
.### ##.)..........# ##
##...........# #### #
###........########...
##.......#..........
##.......#####.....
####### #..######
##.... .......##@##
####. ........#K# ##
..........# #
..........# #
..........# #######
..........# #......
.........## ##......
.........# #.......
.........# #.......


You could see Pikel.

Vanquished Creatures
  Sigmund (D:4)
  2 ogres (D:4)
  4 lemures (D:4)
  A scorpion (D:3)
  An orc priest (D:3)
  An orc wizard (D:3)
  2 adders
  2 worms
  2 dart slugs (D:1)
  6 orcs
  12 ball pythons
  9 endoplasms
  3 giant cockroaches
  12 goblins
  10 hobgoblins
  4 jackals (D:1)
  9 kobolds
  4 bats
  2 frilled lizards (D:1)
  3 rats
90 creatures vanquished.

Notes
Turn   | Place    | Note
-------+----------+-------------------------------------------
     0 | D:1      | tizbic2 the Formicid Hunter began the quest for the Orb.
     0 | D:1      | Reached XP level 1. HP: 16/16 MP: 1/1
    49 | D:1      | Reached XP level 2. HP: 23/23 MP: 2/2
   140 | D:1      | Reached skill level 1 in Shields
   253 | D:1      | Reached XP level 3. HP: 28/28 MP: 3/3
   262 | D:1      | Reached skill level 1 in Armour
   939 | D:2      | Reached XP level 4. HP: 34/34 MP: 4/4
  1340 | D:3      | Reached skill level 1 in Invocations
  1356 | D:3      | Reached XP level 5. HP: 15/40 MP: 5/5
  1702 | D:3      | Reached skill level 5 in Ranged Weapons
  1873 | D:3      | Reached XP level 6. HP: 22/47 MP: 7/7
  2241 | D:4      | Noticed an ogre
  2253 | D:4      | Killed an ogre
  2343 | D:4      | Noticed Sigmund
  2387 | D:4      | Killed Sigmund
  2388 | D:4      | Reached XP level 7. HP: 48/53 MP: 7/9
  2564 | D:4      | Reached skill level 6 in Ranged Weapons
  2727 | D:4      | Noticed Pikel
  2946 | D:4      | Found a staircase to the Ecumenical Temple.
  2959 | Temple   | Entered the Ecumenical Temple
  3055 | Temple   | Became a worshipper of Zin the Law-Giver
  3055 | Temple   | Reached * piety under Zin
  3340 | D:4      | HP: 1/53 [Pikel/+0 whip of freezing (4)]
  3340 | D:4      | Slain by Pikel

Illustrated notes

Levels and vault maps discovered:
D:1:      minmay_arrival_solitary_statue, layout_loops_ring,
          hangedman_abyss_or_decor_lesser_grid, minmay_stone_trees_medium,
          minmay_split_cup_large
D:2:      layout_rooms
D:3:      layout_rooms
D:4:      layout_cave_pods, minmay_temple_entry_junction_2, uniq_pikel,
          uniq_sigmund
Temple:   minmay_temple_bridge_d

Skill      XL: |  1  2  3  4  5  6  7 |
---------------+----------------------+-----
Shields        | 1 2 3 |  3.7
Armour         | 1 2 3 |  3.1
Invocations    | 1 2 3 |  3.1
Fighting       | 3 |  3.9
Ranged Weapons | 5 6 |  6.0
Dodging        | |  1.7
Stealth        | |  1.2

Action                     |  1- 3 |  4- 6 |  7- 9 || total
---------------------------+-------+-------+-------++-------
  Melee: Shortbow          |       |     1 |       ||     1
         Halberd           |       |       |     3 ||     3
   Fire: Shortbow          |    91 |   152 |    88 ||   331
    Use: Scroll            |     1 |     2 |     1 ||     4
         Potion            |       |       |     1 ||     1
 Armour: Ring mail         |     7 |     7 |       ||    14
         Chain mail        |       |    41 |    54 ||    95
         Scale mail        |       |    14 |       ||    14
  Dodge: Dodged            |    28 |    42 |    41 ||   111
  Block: Buckler           |       |    13 |    25 ||    38
